 Dungeon Crawl Stone Soup version 0.32-a0-900-g30fb1b0edc (webtiles) character file.

Game seed: 8215758766018244028

41 zazu2006 the Chucker (level 3, 0/20 (28) HPs)
             Began as a Gnoll Wanderer on Apr 5, 2024.
             Slain by a kobold
             ... wielding a +1 short sword of draining
              (3 damage)
             ... on level 2 of the Dungeon.
             The game lasted 00:01:56 (702 turns).

zazu2006 the Chucker (Gnoll Wanderer)                Turns: 702, Time: 00:01:56

HP:   0/20 (28)     AC:  3    Str: 12    XL:     3   Next: 52%
MP:   5/5           EV: 10    Int: 10    God:
Gold: 35            SH:  0    Dex: 13    Spells: 3/3 levels left

rFire   . . .        a - +2 dagger
rCold   . . .        (no shield)
rNeg    . . .        f - +0 leather armour
rPois   .            (no helmet)
rElec   .            (no cloak)
rCorr   .            (no gloves)
SInv    .            (no boots)
Will    .....        (no amulet)
Stlth   ++           (no ring)
HPRegen 0.23/turn    (no ring)
MPRegen 0.09/turn

%: no passive effects
@: very heavily drained
A: fangs 1, strong nose, distributed training
a: no special abilities


You were on level 2 of the Dungeon.
You visited 1 branch of the dungeon, and saw 2 of its levels.

You collected 35 gold pieces.

Inventory:

Hand Weapons
 a - a +2 dagger (weapon)
 c - a +0 mace
Armour
 f - a +0 leather armour (worn)
Wands
 d - a wand of flame (3)
Scrolls
 e - a scroll of blinking
 g - 2 scrolls of identify {unknown}
 i - a scroll of teleportation {unknown}
 j - a scroll of butterflies {unknown}
Potions
 h - a potion of berserk rage {unknown}
 k - a potion of mutation {unknown}
 l - a potion of curing {unknown}


   Skills:
 + Level 2.6 Fighting
 + Level 0.9 Short Blades
 + Level 0.9 Long Blades
 + Level 0.9 Axes
 + Level 4.5 Maces & Flails
 + Level 0.9 Polearms
 + Level 0.9 Staves
 + Level 0.9 Ranged Weapons
 + Level 6.5 Throwing
 + Level 2.6 Armour
 + Level 0.9 Dodging
 + Level 2.4 Stealth
 + Level 0.9 Shields
 + Level 0.9 Unarmed Combat
 + Level 0.9 Spellcasting
 + Level 0.6 Conjurations
 + Level 0.6 Hexes
 + Level 0.6 Summonings
 + Level 0.6 Necromancy
 + Level 0.6 Translocations
 + Level 0.6 Fire Magic
 + Level 0.6 Ice Magic
 + Level 0.6 Air Magic
 + Level 0.6 Earth Magic
 + Level 0.6 Alchemy
 + Level 2.7 Invocations
 + Level 2.6 Evocations
 + Level 0.7 Shapeshifting


You had 3 spell levels left.
You didn't know any spells.
Your spell library was empty.

Dungeon Overview and Level Annotations

Branches:
Dungeon (2/15)

Altars:


Innate Abilities, Weirdness & Mutations

You have very sharp teeth.
Your uncanny sense of smell can sniff out nearby items.
Your experience applies equally to all skills.


Message History

The curare-tipped dart hits the ribbon worm.
The ribbon worm looks even sicker.
The ribbon worm struggles to breathe.
You kill the ribbon worm!
The kobold hits you with a +1 short sword of draining.
You feel drained. The kobold attacks as it pursues you!
The kobold closely misses you.
Things that are here:
a curare-tipped dart; a ribbon worm corpse Throw: dart (curare)
Press: ? - help, Q - select action, (/) - cycle Shift-Dir - straight line, f - kobold
Aim: a kobold, wielding a +1 short sword of draining (51% to hit)
You throw a curare-tipped dart.
The curare-tipped dart closely misses the kobold.
You hit the kobold but do no damage. You bite the kobold, but do no damage.
The kobold hits you with a +1 short sword of draining.
You feel drained.
You closely miss the kobold. The kobold hits you but does no damage.
You feel drained.
You closely miss the kobold.
The kobold hits you with a +1 short sword of draining.
You feel drained.
You hit the kobold but do no damage. The kobold barely misses you.
You closely miss the kobold.
The kobold hits you with a +1 short sword of draining.
* * * LOW HITPOINT WARNING * * *
You feel drained.
You barely miss the kobold. The kobold barely misses you.
You closely miss the kobold. Your bite misses the kobold.
The kobold hits you with a +1 short sword of draining.
* * * LOW HITPOINT WARNING * * *
You feel drained.
You hit the kobold.
The kobold is severely wounded.
The kobold hits you with a +1 short sword of draining.
* * * LOW HITPOINT WARNING * * *
You feel drained.
You closely miss the kobold. You bite the kobold, but do no damage.
The kobold is severely wounded.
The kobold hits you with a +1 short sword of draining.
You die...

∆ #######
#!....#
#.....#
#.#####(†K@(#
#.(.........#
..###......#
#..<...###
#..)..#..###
#...# #..#
##. ...# ∆∆ #
....# #.####
∆


You could see a kobold.

Vanquished Creatures
  A ribbon worm (D:2)
  A dart slug (D:1)
  4 ball pythons (D:1)
  3 endoplasms (D:1)
  7 hobgoblins (D:1)
  4 jackals (D:1)
  4 kobolds (D:1)
  A quokka (D:1)
  4 frilled lizards
  3 rats (D:1)
32 creatures vanquished.

Notes
Turn   | Place    | Note
-------+----------+-------------------------------------------
     0 | D:1      | zazu2006 the Gnoll Wanderer began the quest for the Orb.
     0 | D:1      | zazu2006 set off with the following items: a +2 dagger, 4
                  | curare-tipped darts, a +0 mace, a wand of flame (3), a
                  | scroll of blinking, a +0 leather armour.
     0 | D:1      | Reached XP level 1. HP: 17/17 MP: 2/2
    82 | D:1      | Reached XP level 2. HP: 23/23 MP: 3/3
   321 | D:1      | Reached XP level 3. HP: 28/28 MP: 4/4
   702 | D:2      | Slain by a kobold

Illustrated notes

Levels and vault maps discovered:
D:1:      ncdulo_wetmaze, layout_rooms, kennysheep_boxes
D:2:      layout_loops_cross, serial_shops, nicolae_shop_stone,
          nicolae_lakefront_shop

Action                     || total
---------------------------++-------
  Melee: Dagger            ||    84
         Bite              ||    13
  Throw: Dart              ||    14
   Stab: Held in net/web   ||     1
 Armour: Leather armour    ||    61
  Dodge: Dodged            ||    38

Table legend: (Time is in decaauts)
 A = Elapsed time spent in this place.
 B = Non-inter-level travel time spent in this place.
 C = Inter-level travel time spent in this place.
 D = Time resting spent in this place.
 E = Time spent auto-exploring this place.
 F = Levels seen in this place.
 G = Mean time per level.
                   A        B        C        D        E       F      G
               +--------+--------+--------+--------+--------+-----+--------+
         Total |    701 |    683 |     18 |      0 |    480 |   2 |  350.5 |
       Dungeon |    701 |    683 |     18 |      0 |    480 |   2 |  350.5 |
               +--------+--------+--------+--------+--------+-----+--------+

Top non-repeatable levels by time:
     D:1: 681 daAuts
     D:2: 20 daAuts
